 Dungeon Crawl Stone Soup version 0.27-a0-1334-g2746e35aca (webtiles) character file.

Game seed: 13270571363550144454

1061 Gargoyl the Skirmisher (level 8, -10/67 HPs)
             Began as a Gnoll Abyssal Knight on June 26, 2021.
             Was a Priest of Lugonu.
             Mangled by Edmund (11 damage)
             ... on level 5 of the Dungeon.
             The game lasted 00:06:15 (4735 turns).

Gargoyl the Skirmisher (Gnoll Abyssal Knight)       Turns: 4735, Time: 00:06:16

Health: -10/67     AC: 12    Str: 17    XL:     8   Next: 27%
Magic:  21/21      EV:  8    Int: 11    God:    Lugonu [***...]
Gold:   173        SH:  0    Dex: 12    Spells: 13/13 levels left

rFire    . . .     SeeInvis .   j - +2 war axe (venom)
rCold    . . .     Faith    .   (no shield)
rNeg     . . .     Spirit   .   t - +0 chain mail
rPois    .         Reflect  +   (no helmet)
rElec    .         Harm     .   (no cloak)
rCorr    .         Rampage  .   l - +1 pair of gloves {Str+3}
Will     .....                  (no boots)
Stlth    ..........             c - amulet of reflection
HPRegen  0.21/turn              f - ring of magical power
MPRegen  0.17/turn              (no ring)

@: confused, ambrosia-drunk
A: fangs 1, strong nose, distributed training
a: Renounce Religion, Depart the Abyss, Bend Space, Banish


You were on level 5 of the Dungeon.
You worshipped Lugonu.
Lugonu was most pleased with you.
You visited 1 branch of the dungeon, and saw 5 of its levels.
You visited the Abyss 1 time.

You collected 173 gold pieces.

Inventory:

Hand Weapons
 a - a +1 hand axe
 g - a +3 hand axe
 j - a +2 war axe of venom (weapon)
Missiles
 m - 11 boomerangs (quivered)
Armour
 l - a +1 pair of gloves of strength (worn)
 t - a +0 chain mail (worn)
Jewellery
 c - an amulet of reflection (around neck)
 f - a ring of magical power (left hand)
Scrolls
 k - a scroll of magic mapping
 s - a scroll of fear
Potions
 d - a potion of haste
 e - 3 potions of might {unknown}
 h - a potion of lignification {unknown}
 n - a potion of brilliance {unknown}
 o - a potion of mutation {unknown}
 q - 2 potions of heal wounds {unknown}
 r - 3 potions of invisibility {unknown}


   Skills:
 + Level 7.3 Fighting
 + Level 3.1 Short Blades
 + Level 3.1 Long Blades
 + Level 5.6 Axes
 + Level 3.1 Maces & Flails
 + Level 3.1 Polearms
 + Level 3.1 Staves
 + Level 3.1 Slings
 + Level 3.1 Bows
 + Level 3.1 Crossbows
 + Level 3.1 Throwing
 + Level 5.6 Armour
 + Level 4.1 Dodging
 + Level 3.1 Stealth
 + Level 3.1 Shields
 + Level 3.1 Unarmed Combat
 + Level 3.1 Spellcasting
 + Level 2.5 Conjurations
 + Level 2.5 Hexes
 + Level 2.5 Summonings
 + Level 2.5 Necromancy
 + Level 2.5 Translocations
 + Level 2.5 Transmutations
 + Level 2.5 Fire Magic
 + Level 2.5 Ice Magic
 + Level 2.5 Air Magic
 + Level 2.5 Earth Magic
 + Level 2.5 Poison Magic
 + Level 5.8 Invocations
 + Level 3.1 Evocations


You had 13 spell levels left.
You didn't know any spells.
Your spell library contained the following spells:

 Spells                   Type           Power      Damage    Failure   Level
 Summon Small Mammal      Summ           28%        N/A       75%         1
 Call Imp                 Summ           7%         N/A       87%         2
 Call Canine Familiar     Summ           7%         N/A       98%         3
 Summon Guardian Golem    Hex/Summ       7%         N/A       98%         3
 Summon Ice Beast         Ice/Summ       7%         N/A       100%        4
 Summon Lightning Spire   Summ/Air       7%         N/A       100%        4


Dungeon Overview and Level Annotations

Branches:
Dungeon (5/15)
 Temple: D:4-7

Altars:

Shops:
D:3 (

Annotations:
D:5 Edmund


Innate Abilities, Weirdness & Mutations

You have very sharp teeth.
Your uncanny sense of smell can sniff out nearby items.
Your experience applies equally to all skills.


Message History

You hit Edmund.
Edmund is lightly wounded.
Edmund barely misses you.
The gnoll hits you from afar with a +0 halberd.
Edmund grinds his teeth, and then sighs.
You block Edmund's attack.
You barely miss Edmund.
Edmund is moderately wounded.
The gnoll hits you but does no damage. Edmund barely misses you.
The gnoll hits you from afar with a +0 halberd.
Unknown command.
You hit Edmund but do no damage.
Edmund looks even sicker.
Edmund is moderately wounded.
Edmund barely misses you. The gnoll misses you.
You hit Edmund but do no damage.
Edmund looks as sick as possible!
Edmund is moderately wounded.
Edmund hits you with a +0 dire flail of protection.
The gnoll hits you from afar with a +0 halberd!
You hit Edmund but do no damage.
Edmund looks as sick as possible!
Edmund is moderately wounded.
Edmund hits you with a +0 dire flail of protection.
The gnoll barely misses you.
A centaur comes into view.
Edmund hits you with a +0 dire flail of protection.
The centaur wields a +0 shortbow.
The centaur shoots an arrow.
The arrow hits you!
* * * LOW HITPOINT WARNING * * *
The gnoll hits you from afar with a +0 halberd.
* * * LOW HITPOINT WARNING * * *
Edmund hits you with a +0 dire flail of protection.
* * * LOW HITPOINT WARNING * * *
You are confused.
You feel invigorated.
The centaur shoots an arrow.
The arrow hits you but does no damage.
The gnoll hits you from afar with a +0 halberd.
* * * LOW HITPOINT WARNING * * *
The centaur shoots an arrow.
The arrow hits you.
* * * LOW HITPOINT WARNING * * *
Edmund hits you with a +0 dire flail of protection!
You die...

#∆# . .# #.#. ##
.#.###. ...... ......
. #..#. #c..# .#. ...
###...##...
#.##.#####.......#
#....<...........#
####.#####..$....#
##.#######@..### #
....)......@g###.##.#
##.#.....÷....).....#
#.#....>...####...##
##..........# #.#
#....>÷....### .#
##.#........... #
#..)....####
#########


You could see Edmund (very poisoned), a centaur and a gnoll.

Vanquished Creatures
  Prince Ribbit (D:5)
  A black bear (D:4)
  An ogre (D:4)
  A scorpion (D:4)
  A water moccasin skeleton (D:5)
  A jelly (D:4)
  A centaur skeleton (D:4)
  2 orc priests (D:4)
  2 hounds (D:4)
  3 iguanas
  Ijyb (D:5)
  3 orc wizards
  Natasha (thrice) (D:2)
  3 adders
  A dart slug (D:2)
  3 worms
  15 orcs
  4 ball pythons
  14 endoplasms
  6 giant cockroaches
  11 goblins
  9 hobgoblins
  4 jackals (D:1)
  7 kobolds
  3 quokkas
  11 bats
  2 frilled lizards
  7 rats
121 creatures vanquished.

Notes
Turn   | Place    | Note
-------+----------+-------------------------------------------
     0 | Abyss:1  | Gargoyl the Gnoll Abyssal Knight began the quest for the
                  | Orb.
     0 | Abyss:1  | Reached XP level 1. HP: 23/23 MP: 3/3
    56 | Abyss:1  | Noticed a smoke demon
    57 | D:1      | Escaped the Abyss
   264 | D:1      | Reached * piety under Lugonu
   265 | D:1      | Reached XP level 2. HP: 18/29 MP: 5/5
   768 | D:1      | Reached XP level 3. HP: 35/35 MP: 6/6
  1205 | D:2      | Reached ** piety under Lugonu
  1325 | D:2      | Noticed Natasha
  1330 | D:2      | Killed Natasha
  1331 | D:2      | Reached skill level 1 in Short Blades
  1331 | D:2      | Reached skill level 1 in Long Blades
  1331 | D:2      | Reached skill level 1 in Maces & Flails
  1331 | D:2      | Reached skill level 1 in Polearms
  1331 | D:2      | Reached skill level 1 in Staves
  1331 | D:2      | Reached skill level 1 in Slings
  1331 | D:2      | Reached skill level 1 in Bows
  1331 | D:2      | Reached skill level 1 in Crossbows
  1331 | D:2      | Reached skill level 1 in Throwing
  1331 | D:2      | Reached skill level 1 in Stealth
  1331 | D:2      | Reached skill level 1 in Shields
  1331 | D:2      | Reached skill level 1 in Unarmed Combat
  1331 | D:2      | Reached skill level 1 in Spellcasting
  1331 | D:2      | Reached skill level 1 in Evocations
  1331 | D:2      | Reached XP level 4. HP: 41/41 MP: 7/7
  1504 | D:2      | Noticed Natasha
  1518 | D:2      | Killed Natasha
  1519 | D:2      | Reached skill level 1 in Conjurations
  1519 | D:2      | Reached skill level 1 in Hexes
  1519 | D:2      | Reached skill level 1 in Summonings
  1519 | D:2      | Reached skill level 1 in Necromancy
  1519 | D:2      | Reached skill level 1 in Translocations
  1519 | D:2      | Reached skill level 1 in Transmutations
  1519 | D:2      | Reached skill level 1 in Fire Magic
  1519 | D:2      | Reached skill level 1 in Ice Magic
  1519 | D:2      | Reached skill level 1 in Air Magic
  1519 | D:2      | Reached skill level 1 in Earth Magic
  1519 | D:2      | Reached skill level 1 in Poison Magic
  1620 | D:2      | Noticed Natasha
  1634 | D:2      | Killed Natasha
  1635 | D:2      | Reached XP level 5. HP: 35/47 MP: 8/8
  2121 | D:3      | Found Taompeol's Weapon Shoppe.
  2590 | D:3      | Reached skill level 5 in Invocations
  2612 | D:3      | Reached XP level 6. HP: 52/53 MP: 9/9
  2729 | D:3      | Found a faded altar of an unknown god.
  2857 | D:4      | Reached skill level 5 in Axes
  2857 | D:4      | Reached skill level 5 in Armour
  2997 | D:4      | Reached *** piety under Lugonu
  3380 | D:4      | Noticed a black bear
  3443 | D:4      | Reached XP level 7. HP: 56/59 MP: 10/10
  3450 | D:4      | Reached skill level 7 in Fighting
  4480 | D:5      | Entered Level 5 of the Dungeon
  4488 | D:5      | Noticed Prince Ribbit
  4498 | D:5      | Killed Prince Ribbit
  4499 | D:5      | Reached XP level 8. HP: 25/67 MP: 12/12
  4703 | D:5      | Noticed Ijyb
  4713 | D:5      | Killed Ijyb
  4717 | D:5      | Noticed Edmund
  4735 | D:5      | HP: 1/67 [centaur/arrow (6)]
  4735 | D:5      | Mangled by Edmund

Illustrated notes

Levels and vault maps discovered:
D:1:      dpeg_arrival_orchard, layout_basic
D:2:      wad_pebble_path, layout_basic, wad_floor_pattern_1, uniq_natasha
D:3:      layout_rooms, serial_glass, glass_columns_a, glass_columns_a,
          minmay_strange_pillars, item_on_display_a, item_on_display_b,
          serial_shops, nicolae_square_shop, ebering_ecumenical_altar_petrified,
          minmay_fractal_squares_diagonal_5
D:4:      minmay_general_purpose_star, layout_loops_ring,
          nicolae_overflow_hidden_temple
D:5:      layout_loops_ring, lemuel_zombie_altar_yredelemnul,
          jmf_multi_god_temple2, minmay_temple_entry_antechambers, uniq_edmund,
          uniq_prince_ribbit1, uniq_menkaure, uniq_ijyb

Skill      XL: |  1  2  3  4  5  6  7 |
---------------+----------------------+-----
Short Blades   | 1 2 3 |  3.1
Long Blades    | 1 2 3 |  3.1
Maces & Flails | 1 2 3 |  3.1
Polearms       | 1 2 3 |  3.1
Staves         | 1 2 3 |  3.1
Slings         | 1 2 3 |  3.1
Bows           | 1 2 3 |  3.1
Crossbows      | 1 2 3 |  3.1
Throwing       | 1 2 3 |  3.1
Stealth        | 1 2 3 |  3.1
Shields        | 1 2 3 |  3.1
Unarmed Combat | 1 2 3 |  3.1
Spellcasting   | 1 2 3 |  3.1
Evocations     | 1 2 3 |  3.1
Conjurations   | 1 2 |  2.5
Hexes          | 1 2 |  2.5
Summonings     | 1 2 |  2.5
Necromancy     | 1 2 |  2.5
Translocations | 1 2 |  2.5
Transmutations | 1 2 |  2.5
Fire Magic     | 1 2 |  2.5
Ice Magic      | 1 2 |  2.5
Air Magic      | 1 2 |  2.5
Earth Magic    | 1 2 |  2.5
Poison Magic   | 1 2 |  2.5
Dodging        | 3 4 |  4.1
Invocations    | 5 |  5.8
Axes           | 5 |  5.6
Armour         | 5 |  5.6
Fighting       | 7 |  7.3

Action                   |  1- 3 |  4- 6 |  7- 9 || total
-------------------------+-------+-------+-------++-------
Melee: Hand axe          |   108 |    72 |       ||   180
       Bite              |     6 |    11 |     7 ||    24
       Punch             |     1 |       |     1 ||     2
       War axe           |       |    70 |    83 ||   153
Invok: Depart the Abyss  |     1 |       |       ||     1
  Use: Scroll            |     2 |     5 |     3 ||    10
       Potion            |       |       |     1 ||     1
 Stab: Sleeping          |       |     1 |       ||     1
Armor: Leather armour    |    43 |       |       ||    43
       Ring mail         |       |    51 |    12 ||    63
       Chain mail        |       |       |    33 ||    33
Dodge: Dodged            |    88 |    78 |    38 ||   204
Block: Other             |    29 |    33 |    22 ||    84
       Reflection        |     1 |       |       ||     1

Table legend: (Time is in decaauts)
 A = Elapsed time spent in this place.
 B = Non-inter-level travel time spent in this place.
 C = Inter-level travel time spent in this place.
 D = Time resting spent in this place.
 E = Time spent auto-exploring this place.
 F = Levels seen in this place.
 G = Mean time per level.
                   A        B        C        D        E       F      G
               +--------+--------+--------+--------+--------+-----+--------+
         Total |   4791 |   4707 |     84 |    662 |   3003 |   6 |  798.5 |
       Dungeon |   4734 |   4650 |     84 |    662 |   2953 |   5 |  946.8 |
         Abyss |     57 |     57 |      0 |      0 |     50 |   1 |   57.0 |
               +--------+--------+--------+--------+--------+-----+--------+

Top non-repeatable levels by time:
     D:4: 1336 daAuts
     D:3: 1089 daAuts
     D:1: 1061 daAuts
     D:2: 986 daAuts
     D:5: 260 daAuts
 Abyss:1: 57 daAuts
